 Dungeon Crawl Stone Soup version 0.26-a0-712-ga5a9c9c9d0 (webtiles) character file.

Game seed: 2134768048430060497

8561 ANON1729 the Covert (level 11, -1/69 HPs)
             Began as a Kobold Brigand on Oct 31, 2020.
             Was a Believer of Wu Jian.
             Slain by a water moccasin (6 damage)
             ... on level 10 of the Dungeon.
             The game lasted 00:18:11 (11153 turns).

ANON1729 the Covert (Kobold Brigand)               Turns: 11153, Time: 00:18:12

Health: -1/69      AC:  8    Str:  8    XL:     11   Next: 58%
Magic:  11/11      EV: 24    Int: 12    God:    Wu Jian [**....]
Gold:   832        SH:  0    Dex: 25    Spells: 10/10 levels left

rFire    + . .     SeeInvis .   o - +5 flail (venom)
rCold    . . .     Faith    .   (shield restricted)
rNeg     . . .     Spirit   .   p - +1 leather armour {rPois}
rPois    +         Reflect  .   (no helmet)
rElec    .         Harm     .   A - +2 cloak of Unambiguity {Dex+4}
rCorr    .         Rampage  .   (no gloves)
MR       +....                  M - +0 pair of boots (curse)
Stlth    ++++++....             (no amulet)
HPRegen  0.21/turn              I - ring of protection from fire
MPRegen  0.12/turn              v - ring of protection from magic

@: lethally poisoned (-1 -> -1)
A: small, nightstalker 3
a: Wall Jump, Renounce Religion


You were on level 10 of the Dungeon.
You worshipped Wu Jian.
Wu Jian was pleased with you.
You visited 2 branches of the dungeon, and saw 11 of its levels.
You also visited: Sewer.

You collected 832 gold pieces.

Inventory:

Hand Weapons
 a - a +3 dagger
 o - a +5 flail of venom (weapon)
 H - a +6 short sword of speed
Missiles
 d - 51 poisoned darts (quivered)
 e - 2 curare-tipped darts
Armour
 b - a +0 robe
 c - a +0 cloak
 i - a +1 pair of boots
 p - a +1 leather armour of poison resistance (worn)
 A - the +2 cloak of Unambiguity (worn) {Dex+4}
   (You found it on level 5 of the Dungeon)

   It affects your dexterity (+4).
 M - a cursed +0 pair of boots (worn)
Jewellery
 h - an uncursed ring of resist corrosion
 r - an uncursed ring of fire
 v - a ring of protection from magic (right hand)
 I - a ring of protection from fire (left hand)
Wands
 j - a wand of random effects (28)
 k - a wand of iceblast (6)
 q - a wand of polymorph (10)
 t - a wand of digging (6)
 x - a wand of disintegration (8)
Scrolls
 g - 6 scrolls of remove curse
 m - a scroll of random uselessness {unknown}
 u - 2 scrolls of magic mapping
 w - 7 scrolls of teleportation
 y - a scroll of fear {unknown}
 C - a scroll of fog {unknown}
 E - 2 scrolls of amnesia {unknown}
 G - a scroll of blinking {unknown}
 J - a scroll of immolation {unknown}
 N - a scroll of enchant armour
 O - a scroll of identify
Potions
 f - 8 potions of curing
 l - 5 potions of flight
 n - a potion of stabbing
 s - 2 potions of cancellation
 z - a potion of resistance
 B - 3 potions of heal wounds
 D - a potion of mutation
 F - 4 potions of lignification
 K - 2 potions of ambrosia {unknown}
 L - a potion of might


   Skills:
 + Level 8.9 Fighting
 + Level 10.1 Short Blades
 + Level 8.9 Throwing
 + Level 9.4 Dodging
 + Level 12.1 Stealth


You had 10 spell levels left.
You didn't know any spells.
Your spell library contained the following spells:

 Spells                   Type           Power        Failure   Level
 Foxfire                  Conj/Fire      #...         43%         1
 Conjure Flame            Conj/Fire      #.......     82%         3
 Inner Flame              Hex/Fire       #.......     82%         3
 Sticky Flame             Conj/Fire      #.......     99%         4
 Fireball                 Conj/Fire      #.........   100%        5


Dungeon Overview and Level Annotations

Branches:
Dungeon (10/15)            Temple (1/1) D:4            Lair (0/6) D:10
  Sewer (visited)
    Orc: D:9-12

Altars:
Ashenzari
Cheibriados
Dithmenos
Elyvilon
Fedhas
Gozag
Hepliaklqana
Kikubaaqudgha
Makhleb
Nemelex Xobeh
Okawaru
Qazlal
Ru
Sif Muna
Trog
Uskayaw
Vehumet
Wu Jian
Xom
Yredelemnul
Zin
The Shining One

Shops:
D:8 [


Innate Abilities, Weirdness & Mutations

You are small and have problems with some larger weapons.
You are completely attuned to the shadows.


Message History

The yak bellows!
You hit the wyvern.
The wyvern looks as sick as possible!
The wyvern is heavily wounded.
The wyvern misses you. The wyvern barely misses you.
You sock the wyvern!
The wyvern looks as sick as possible!
The wyvern is almost dead.
You feel sick. The wyvern bites you!
* * * LOW HITPOINT WARNING * * *
The wyvern misses you. The wyvern misses you.
Press: ? - help, Dir - move target cursor You feel sick.
You kill the wyvern!
The Council accepts your kill.
Okay, then.
You feel sick.
The water moccasin completely misses you.
There is a stone staircase leading up here.
The water moccasin bites you.
You die...

######..#
#..SYY.##
##†######
###........
#.Y.........
#.#...Y.....
#.#.........
#.#...S.....
+.#...@)....
##########


You could see 2 yaks and a water moccasin.

Vanquished Creatures
  3 two-headed ogres
  Erica (D:9)
  A centaur zombie (D:9)
  Maurice (D:8)
  Joseph (D:7)
  3 wyverns (D:10)
  4 yaks (D:9)
  Grum (D:8)
  2 basilisks (D:10)
  Edmund (D:6)
  4 water moccasins
  A sky beast (D:8)
  An orc warrior (D:8)
  3 phantoms
  An ogre (D:6)
  An ice beast (D:8)
  2 wolves (D:8)
  3 centaurs
  A big kobold (D:8)
  3 bullfrogs (D:6)
  A water moccasin skeleton (D:6)
  4 scorpions
  4 killer bees (D:7)
  4 wights (D:9)
  2 bullfrog zombies
  2 hounds
  5 orc wizards
  2 bullfrog skeletons (D:9)
  4 jellies
  5 orc priests
  3 centaur skeletons
  2 iguanas
  A merfolk siren (Sewer)
  4 worker ants
  A merfolk avatar (Sewer)
  2 killer bee zombies (D:9)
  9 adders
  2 river rats
  3 shadow imps
  4 white imps
  An ufetubus (D:5)
  4 worms
  A leopard gecko (D:6)
  15 orcs
  6 ball pythons
  5 giant cockroaches
  4 goblins
  9 hobgoblins
  19 jackals
  7 quokkas
  8 bats
  10 frilled lizards
  2 jackal skeletons (D:7)
  12 kobolds
  A leopard gecko skeleton (D:6)
  27 rats
233 creatures vanquished.

Vanquished Creatures (others)
  A fungus (D:10)
  4 plants (D:10)
5 creatures vanquished.

Grand Total: 238 creatures vanquished

Notes
Turn   | Place    | Note
-------+----------+-------------------------------------------
     0 | D:1      | ANON1729 the Kobold Brigand began the quest for the Orb.
     0 | D:1      | Reached XP level 1. HP: 12/12 MP: 1/1
   327 | D:1      | Reached XP level 2. HP: 18/18 MP: 2/2
   928 | D:1      | Reached XP level 3. HP: 22/22 MP: 3/3
  1263 | D:2      | Reached XP level 4. HP: 16/27 MP: 4/4
  2255 | D:3      | Found a broken altar of Ashenzari.
  2269 | D:3      | Reached skill level 6 in Stealth
  2297 | D:3      | Reached XP level 5. HP: 32/32 MP: 5/5
  2631 | D:3      | You are sucked into a shaft and drop 3 floors!
  2714 | D:6      | Reached XP level 6. HP: 11/37 MP: 6/6
  3222 | D:6      | Noticed a phantom
  3264 | D:6      | Found a hide-covered altar of Uskayaw.
  3267 | D:6      | Noticed Edmund
  3419 | D:6      | Killed Edmund
  3419 | D:6      | Reached XP level 7. HP: 43/43 MP: 7/7
  3453 | D:6      | Reached skill level 5 in Short Blades
  3453 | D:6      | Reached skill level 7 in Stealth
  3892 | D:6      | Reached XP level 8. HP: 11/48 MP: 8/8
  4825 | D:6      | Reached skill level 5 in Dodging
  5050 | D:5      | Entered Level 5 of the Dungeon
  5099 | D:5      | Reached skill level 5 in Throwing
  5099 | D:5      | Reached skill level 8 in Stealth
  5157 | D:4      | Reached skill level 5 in Fighting
  5299 | D:3      | Found an ancient bone altar of Kikubaaqudgha.
  5525 | D:4      | Found a glowing drain.
  5540 | Sewer    | Entered a sewer
  6303 | D:4      | Found a staircase to the Ecumenical Temple.
  6366 | D:4      | Found a basalt altar of Yredelemnul.
  6476 | Temple   | Entered the Ecumenical Temple
  6600 | Temple   | Became a worshipper of the Wu Jian Council
  6755 | D:5      | Got a spiked cloak
  6766 | D:5      | Identified the +2 cloak of Unambiguity {Dex+4} (You found
                  | it on level 5 of the Dungeon)
  7156 | D:7      | Reached XP level 9. HP: 17/54 MP: 9/9
  7731 | D:7      | Reached * piety under Wu Jian
  7734 | D:7      | Noticed Joseph
  7754 | D:7      | Killed Joseph
  7754 | D:7      | Reached skill level 9 in Stealth
  8336 | D:8      | Noticed a two-headed ogre
  8369 | D:8      | Killed a two-headed ogre
  8369 | D:8      | Reached XP level 10. HP: 14/61 MP: 10/10
  8696 | D:8      | Noticed Maurice
  8708 | D:8      | Killed Maurice
  8708 | D:8      | Reached skill level 10 in Stealth
  8955 | D:8      | Found Rasoicw's Antique Armour Shop.
  9077 | D:8      | Got a faintly glowing glaive
  9138 | D:8      | Noticed Grum
  9146 | D:8      | Killed Grum
  9205 | D:8      | Noticed a two-headed ogre
  9209 | D:8      | Killed a two-headed ogre
  9424 | D:8      | Found a sparkling altar of Nemelex Xobeh.
  9424 | D:8      | Found an opulent altar of Gozag.
  9512 | D:8      | Reached ** piety under Wu Jian
  9793 | D:9      | Reached skill level 11 in Stealth
  9870 | D:9      | Found a sacrificial altar of Ru.
  9905 | D:9      | Found a bloodstained altar of Trog.
  9948 | D:9      | Reached XP level 11. HP: 10/68 MP: 11/11
 10464 | D:9      | Noticed Erica
 10467 | D:9      | Killed Erica
 10674 | D:9      | Found a shimmering altar of Xom.
 11071 | D:10     | Entered Level 10 of the Dungeon
 11071 | D:10     | Noticed a two-headed ogre
 11072 | D:10     | Killed a two-headed ogre
 11103 | D:10     | Found a staircase to the Lair.
 11103 | D:10     | Reached skill level 12 in Stealth
 11104 | D:10     | Reached skill level 10 in Short Blades
 11153 | D:10     | Slain by a water moccasin

Illustrated notes

Levels and vault maps discovered:
D:1:      scummos_arrival_gate, layout_loops_ring
D:2:      layout_loops_ring, st_stairs_6, minmay_misc_feat_secret_circle
D:3:      layout_loops_ring, cheibrodos_ashenzari_chains, lemuel_doored_altar
D:4:      layout_cave_pools, lemuel_coloured_pillars_altar,
          minmay_temple_entry_statues_fountains, portal_sewer_entry_a
D:5:      layout_basic
D:6:      layout_basic, basic_altar, uniq_edmund
D:7:      layout_cave_pools, chequers_serial_rivers_large_a, uniq_joseph
D:8:      layout_basic, grunt_temple_overflow_opulence, serial_shops, shop,
          uniq_maurice, uniq_grum
D:9:      layout_long_grid, kennysheep_mini, bloody_trog,
          brannock_xom_greatest_gift, uniq_erica
D:10:     layout_roguey, minmay_lair_entry_grove
Temple:   eino_temple_lava

Skill      XL: |  1  2  3  4  5  6  7  8  9 10 11 |
---------------+----------------------------------+-----
Short Blades   | 3 4 5 6 8 9 10 | 10.1
Dodging        | 2 3 4 5 7 8 9 |  9.4
Fighting       | 3 4 5 6 8 |  8.9
Throwing       | 3 4 5 6 8 |  8.9
Stealth        | 6 7 8 9 11 12 | 12.1

Action                   |  1- 3 |  4- 6 |  7- 9 | 10-12 || total
-------------------------+-------+-------+-------+-------++-------
Melee: Dagger            |    63 |   156 |    40 |    24 ||   283
       Unarmed           |       |    12 |       |       ||    12
       Flail             |       |       |   257 |   125 ||   382
       Short sword       |       |       |       |   119 ||   119
Throw: Dart              |     4 |    13 |       |       ||    17
Invok: Lunge             |       |       |     6 |    27 ||    33
       Whirlwind         |       |       |       |     9 ||     9
 Abil: Wall Jump         |       |       |       |     1 ||     1
  Use: Scroll            |       |     4 |     4 |     4 ||    12
       Potion            |       |     1 |       |       ||     1
 Stab: Sleeping          |    11 |    12 |    34 |    24 ||    81
       Distracted        |       |       |     2 |     2 ||     4
Armor: Robe              |    11 |    22 |     6 |       ||    39
       Skin              |       |     2 |       |       ||     2
       Leather armour    |       |       |    46 |    40 ||    86
Dodge: Dodged            |    44 |   116 |   246 |   175 ||   581

Table legend: (Time is in decaauts)
 A = Elapsed time spent in this place.
 B = Non-inter-level travel time spent in this place.
 C = Inter-level travel time spent in this place.
 D = Time resting spent in this place.
 E = Time spent auto-exploring this place.
 F = Levels seen in this place.
 G = Mean time per level.
                   A        B        C        D        E       F      G
               +--------+--------+--------+--------+--------+-----+--------+
         Total |  11264 |  10928 |    336 |   2357 |   6685 |  12 |  938.7 |
       Dungeon |  10516 |  10189 |    327 |   2282 |   6324 |  10 | 1051.6 |
        Temple |    132 |    124 |      8 |      0 |    111 |   1 |  132.0 |
         Sewer |    615 |    615 |      0 |     75 |    249 |   1 |  615.0 |
               +--------+--------+--------+--------+--------+-----+--------+

Top non-repeatable levels by time:
     D:6: 2428 daAuts
     D:8: 1495 daAuts
     D:9: 1276 daAuts
     D:7: 1274 daAuts
     D:1: 1099 daAuts
     D:2: 951 daAuts
     D:3: 899 daAuts
   Sewer: 615 daAuts
     D:4: 572 daAuts
     D:5: 432 daAuts
  Temple: 132 daAuts
    D:10: 86 daAuts
